cohdb
Replays
Latest Replays
All Replays
Popular Replays
Top Player Replays
Match Explorer
How It Works
Community
CoH3 Stats
Reddit
Sign in to upload your games and track your stats! →
Sign in with Steam
Match 42682519
Unlisted
Match 42682519
Overview
Messages
Build Orders
End
Construct Barracks
Riflemen Squad
Riflemen Squad
Riflemen Squad
Grenade Package
Riflemen Squad
Infantry Support Center
Selects Advanced Infantry Battlegroup
Selects Convert to Ranger Squad
Selects Frontline Medical Station
Frontline Medical Station
Construct Motor Pool
M1 Anti-tank Gun Team
M1918 Browning Automatic Rifles
Selects Ammunition Storage
M1 Anti-tank Gun Team
Advanced Logistics
Selects M2A1 105mm Howitzer Emplacement
Selects 155mm Rapid Artillery Barrage
Frontline Medical Station
Engineer Squad
Frontline Medical Station
Engineer Squad
wila
玉米
纱条千歌
LittleFatty233
罐头鸟巢
Valkyrie_Tone
乌拉
MonikaのPants
0
0
Comments
sign in to comment!
No comments posted yet!